AoeStats
← Agent Smith

Arena

509812438Analyzed
2v2 RM · 5d ago on Sep 28, 2026· 75m 49s· 4 players
Game mode
Random Map
Map size
Medium (4 player)
Population
200
Speed
Normal
Resources
Standard
Victory
Conquest
Starting age
Dark Age
Ending age
Imperial Age
RankedLock teamsTeams togetherTeam positionsShared explorationLock speedFull tech treeHidden civsTurbo modeCheats
Victory
Defeat
🇻🇳 Armenians · Vietnam
1038
+16
🇻🇳 Celts · Vietnam
1031
+16
🇨🇳 Bohemians · China
1062
-17
🇹🇼 Malians · Taiwan
1005
-15
qvbcheng
12:50 Feudal Age
16:44 Castle Age
14:45 Double-Bit Axe
14:52 Horse Collar
15:20 Gold Mining
15:45 Stone Mining
16:37 Forging
16:44 Scale Mail Armor
19:10 Bow Saw
19:57 Heavy Plow
25:21 Chain Mail Armor
36:50 Iron Casting
41:34 Fletching
Julius Caesar
7:20 Loom
9:40 Feudal Age
10:17 Double-Bit Axe
16:11 Castle Age
14:24 Horse Collar
19:25 Bow Saw
23:16 Man-at-Arms
30:38 Heavy Plow
38:20 Imperial Age
36:03 Fletching
36:14 Padded Archer Armor
37:19 Wheelbarrow
36:58 Crossbowman
38:53 Bodkin Arrow
39:26 Conscription
39:15 Arbalester
41:38 Chemistry
43:03 Hand Cart
45:17 Bracer
45:33 Leather Archer Armor
45:29 Forging
45:19 Scale Mail Armor
45:24 Scale Barding Armor
45:54 Cavalier
46:25 Heavy Scorpion
49:29 Elite Hussite Wagon
51:36 Husbandry
50:57 Light Cavalry
52:11 Ring Archer Armor
52:01 Chain Barding Armor
51:57 Chain Mail Armor
51:53 Houfnice
54:03 Iron Casting
59:23 Hussite Reforms
59:24 Wagenburg Tactics
64:04 Long Swordsman
66:03 Two-Handed Swordsman
phamquangtho2015
10:11 Feudal Age
10:48 Double-Bit Axe
10:44 Horse Collar
13:24 Man-at-Arms
18:00 Castle Age
16:33 Scale Mail Armor
16:41 Gold Mining
19:10 Wheelbarrow
18:15 Long Swordsman
20:53 Forging
21:21 Heavy Plow
22:18 Chain Mail Armor
23:44 Hand Cart
23:45 Bow Saw
26:10 Iron Casting
25:48 Gambesons
37:29 Imperial Age
39:06 Plate Mail Armor
39:37 Blast Furnace
38:09 Capped Ram
38:38 Two-Handed Swordsman
46:33 Pikeman
50:14 Champion
57:52 Elite Skirmisher
62:23 Fletching
62:34 Padded Archer Armor
63:12 Bodkin Arrow
68:35 Leather Archer Armor
Agent Smith
10:55 Feudal Age
12:20 Double-Bit Axe
12:17 Horse Collar
16:25 Castle Age
15:47 Scale Mail Armor
15:56 Man-at-Arms
18:09 Bow Saw
18:02 Heavy Plow
19:59 Squires
24:07 Gambesons
24:29 Long Swordsman
25:16 Gold Mining
25:44 Forging
28:59 Two-Handed Swordsman
34:43 Chain Mail Armor
35:04 Iron Casting
38:37 Fletching
43:35 Wheelbarrow
42:46 Loom
44:07 Ballistics
43:45 Bodkin Arrow
45:49 Champion
51:08 Imperial Age
49:46 Hand Cart
49:17 Town Watch
50:15 Padded Archer Armor
51:59 Fereters
52:54 Pikeman
55:24 Blast Furnace
54:56 Plate Mail Armor
54:28 Bracer
56:47 Blast Furnace
57:17 Gold Shaft Mining
57:17 Halberdier
57:43 Arson
59:23 Conscription
59:03 Stone Mining
60:10 Capped Ram
61:05 Siege Ram
62:15 Guilds
62:29 Bracer
62:45 Leather Archer Armor
63:53 Elite Skirmisher
67:43 Chemistry
70:03 Ring Archer Armor
Connection lost

Rejoining the realm…

Still unreachable

The connection could not be restored.

Session expired

The server has moved on; the page needs a fresh start.